AAA
EL PASO CHIHUAHUAS @ INLAND EMPIRE 66ERS
08/02/2052
 
TOP OF THE 1ST
Honolulu ThunderSharks batting - Pitching for El Paso Chihuahuas : RHP Perry Breedlove
Pitching: RHP Perry Breedlove
Batting: RHB Leandro Gonzales 0-0: Foul Ball, location: 9LSF
0-1: Ball
1-1: Ball
2-1: Ball
3-1: Swinging Strike
3-2: Strikes out swinging
Batting: LHB Clemente Ferrara 0-0: Fly out, F8 (Flyball, 89D, EV 83.1 MPH)
Batting: LHB Alex Schaeffer 0-0: Fly out, F9 (Flyball, 89M, EV 86.3 MPH)
Top of the 1st over - 0 runs, 0 hits, 0 errors, 0 left on base; Honolulu 0 - El Paso 0
BOTTOM OF THE 1ST
El Paso Chihuahuas batting - Pitching for Honolulu ThunderSharks : RHP Leland Stotts
Pitching: RHP Leland Stotts
Batting: SHB Dexter Greer 0-0: Called Strike
0-1: Foul Ball, location: 25FF
0-2: Foul Ball, location: 2F
0-2: Strikes out swinging
Batting: RHB Zach Pryor 0-0: Called Strike
0-1: Foul Ball, location: 2F
0-2: Ball
1-2: Foul Ball, location: 5SF
1-2: Reached on error, E5 (Groundball, 5, EV 103.8 MPH)
Batting: LHB Eric Ho 0-0: Ball
Zach Pryor steals 2nd base
1-0: Fly out, F9 (Flyball, 9LS, EV 95.0 MPH)
Batting: LHB Brad Lilley 0-0: SINGLE (Line Drive, 3D, EV 105.6 MPH)
Zach Pryor to third
Runner from 3rd tries for Home, SAFE, throw by RF to home
Batting: RHB Brian Ottman 0-0: Ball
1-0: Called Strike
1-1: Ball
2-1: Fielders Choice at 2nd, 6-4 (Groundball, 56D, EV 100.6 MPH)
Bottom of the 1st over - 1 run, 1 hit, 1 error, 1 left on base; Honolulu 0 - El Paso 1
TOP OF THE 2ND
Honolulu ThunderSharks batting - Pitching for El Paso Chihuahuas : RHP Perry Breedlove
Batting: RHB Otis Keller 0-0: Ball
1-0: Ball
2-0: Ball
3-0: Called Strike
3-1: Fly out, F9 (Flyball, 89M, EV 78.8 MPH)
Batting: RHB José Berroteran 0-0: Called Strike
0-1: DOUBLE (Flyball, 78XD, EV 97.5 MPH)
Batting: RHB Lindsay Clark 0-0: Called Strike
0-1: Foul Ball, location: 5DF
0-2: Foul Ball, location: 9LMF
0-2: SINGLE (Line Drive, 7S, EV 94.4 MPH)
José Berroteran to third
Batting: RHB Storm Carballo 0-0: Ball
1-0: Ball
2-0: Called Strike
2-1: Grounds into double play, 4-6-3 (Groundball, 34, EV 82.5 MPH)
Top of the 2nd over - 0 runs, 2 hits, 0 errors, 1 left on base; Honolulu 0 - El Paso 1
BOTTOM OF THE 2ND
El Paso Chihuahuas batting - Pitching for Honolulu ThunderSharks : RHP Leland Stotts
Batting: LHB Yonder Lorenzana 0-0: Called Strike
0-1: Called Strike
0-2: Strikes out swinging
Batting: RHB Enzo Thomas 0-0: Ball
1-0: Ball
2-0: Swinging Strike
2-1: Ball
3-1: Base on Balls
Batting: RHB David Drury 0-0: Swinging Strike
0-1: Ball
1-1: Called Strike
1-2: Ball
2-2: Strikes out swinging
Batting: SHB Joel Stewart 0-0: Ball
1-0: Ball
2-0: Called Strike
2-1: Ball
3-1: Called Strike
3-2: Base on Balls
Enzo Thomas to second
Batting: SHB Dexter Greer 0-0: Ball
1-0: Ball
2-0: Ground out U3 (Groundball, 3, EV 101.3 MPH)
Bottom of the 2nd over - 0 runs, 0 hits, 0 errors, 2 left on base; Honolulu 0 - El Paso 1
TOP OF THE 3RD
Honolulu ThunderSharks batting - Pitching for El Paso Chihuahuas : RHP Perry Breedlove
Batting: RHB Santino Zunego 0-0: Foul Ball, location: 3DF
0-1: Called Strike
0-2: Ball
1-2: Ball
2-2: Fly out, F8 (Flyball, 8RM, EV 90.0 MPH)
Batting: RHB Tony Malone 0-0: Ball
1-0: Called Strike
1-1: SINGLE (Line Drive, 34, EV 105.0 MPH)
Batting: RHB Leandro Gonzales 0-0: Fly out, F8 (Line Drive, 8LS, EV 90.0 MPH)
Batting: LHB Clemente Ferrara 0-0: Ball
1-0: Ball
2-0: Called Strike
2-1: Ball
3-1: Foul Ball, location: 23F
3-2: Strikes out looking
Top of the 3rd over - 0 runs, 1 hit, 0 errors, 1 left on base; Honolulu 0 - El Paso 1
BOTTOM OF THE 3RD
El Paso Chihuahuas batting - Pitching for Honolulu ThunderSharks : RHP Leland Stotts
Batting: RHB Zach Pryor 0-0: Called Strike
0-1: Fly out, F5 (Line Drive, 5L, EV 60.6 MPH)
Batting: LHB Eric Ho 0-0: Ball
1-0: Called Strike
1-1: Ball
2-1: Ball
3-1: Base on Balls
Batting: LHB Brad Lilley 0-0: Ball
1-0: Foul Ball, location: 23F
1-1: Ball
2-1: Called Strike
2-2: 2-RUN HOME RUN (Flyball, 7D, EV 93.8 MPH), Distance : 376 ft
Batting: RHB Brian Ottman 0-0: Called Strike
0-1: Ground out 6-3 (Groundball, 6, EV 80.0 MPH)
Batting: LHB Yonder Lorenzana 0-0: Swinging Strike
0-1: Foul Ball, location: 2F
0-2: Strikes out looking
Bottom of the 3rd over - 2 runs, 1 hit, 0 errors, 0 left on base; Honolulu 0 - El Paso 3
TOP OF THE 4TH
Honolulu ThunderSharks batting - Pitching for El Paso Chihuahuas : RHP Perry Breedlove
Batting: LHB Alex Schaeffer 0-0: Swinging Strike
0-1: Ball
1-1: Foul Ball, location: 7LDF
1-2: Foul Ball, location: 2F
1-2: Ball
2-2: Ground out 4-3 (Groundball, 4, EV 82.5 MPH)
Batting: RHB Otis Keller 0-0: Ball
1-0: Swinging Strike
1-1: Fly out, F8 (Flyball, 8RD, EV 103.8 MPH)
Batting: RHB José Berroteran 0-0: Called Strike
0-1: Ball
1-1: Fly out, F9 (Line Drive, 89M, EV 88.8 MPH)
Top of the 4th over - 0 runs, 0 hits, 0 errors, 0 left on base; Honolulu 0 - El Paso 3
BOTTOM OF THE 4TH
El Paso Chihuahuas batting - Pitching for Honolulu ThunderSharks : RHP Leland Stotts
Batting: RHB Enzo Thomas 0-0: Ball
1-0: Ball
2-0: Ball
3-0: Base on Balls
Batting: RHB David Drury 0-0: Ball
1-0: DOUBLE (Flyball, 8RXD, EV 92.5 MPH)
Enzo Thomas to third
Batting: SHB Joel Stewart 0-0: Ball
1-0: Called Strike
1-1: Ball
2-1: Ball
3-1: Base on Balls
Batting: SHB Dexter Greer 0-0: Ball
1-0: Called Strike
1-1: Foul Ball, location: 2F
1-2: Foul Ball, location: 2F
1-2: SINGLE (Line Drive, 8RS, EV 100.0 MPH)
Enzo Thomas scores
David Drury to third
Joel Stewart to second
Batting: RHB Zach Pryor 0-0: Called Strike
0-1: Ball
1-1: Swinging Strike
1-2: Strikes out swinging
Batting: LHB Eric Ho 0-0: Ball
1-0: Called Strike
1-1: Ball
2-1: Foul Ball, location: 2F
2-2: Foul Ball, location: 2F
2-2: Ball
3-2: Base on Balls
David Drury scores
Joel Stewart to third
Dexter Greer to second
Batting: LHB Brad Lilley 0-0: Ball
1-0: Called Strike
1-1: Called Strike
1-2: Fielders Choice at 2nd, U4 (Groundball, 4M, EV 91.9 MPH)
Joel Stewart scores
Dexter Greer to third
Pitching: LHP Rafael Magana
Batting: RHB Brian Ottman 0-0: Ball
1-0: Called Strike
1-1: 3-RUN HOME RUN (Line Drive, 9D, EV 100.0 MPH), Distance : 388 ft
Batting: LHB Yonder Lorenzana 0-0: Called Strike
0-1: Swinging Strike
0-2: Fly out, F3 (Popup, 34, EV 66.3 MPH)
Bottom of the 4th over - 6 runs, 3 hits, 0 errors, 0 left on base; Honolulu 0 - El Paso 9
TOP OF THE 5TH
Honolulu ThunderSharks batting - Pitching for El Paso Chihuahuas : RHP Perry Breedlove
Batting: RHB Lindsay Clark 0-0: Called Strike
0-1: Called Strike
0-2: Strikes out looking
Batting: RHB Storm Carballo 0-0: Ball
1-0: Foul Ball, location: 2F
1-1: Ball
2-1: Ball
3-1: Called Strike
3-2: Strikes out swinging
Batting: RHB Santino Zunego 0-0: Called Strike
0-1: Ball
1-1: Called Strike
1-2: SINGLE (Line Drive, 56D, EV 107.5 MPH)
Batting: RHB Tony Malone 0-0: Called Strike
0-1: Called Strike
0-2: Strikes out swinging
Top of the 5th over - 0 runs, 1 hit, 0 errors, 1 left on base; Honolulu 0 - El Paso 9
BOTTOM OF THE 5TH
El Paso Chihuahuas batting - Pitching for Honolulu ThunderSharks : LHP Rafael Magana
Batting: RHB Enzo Thomas 0-0: Ground out 5-3 (Groundball, 5, EV 80.6 MPH)
Batting: RHB David Drury 0-0: Ball
1-0: Ball
2-0: Hit by Pitch
Batting: SHB Joel Stewart 0-0: SINGLE (Groundball, 4MD, EV 110.0 MPH)
David Drury to second
Runner from 2nd tries for 3rd, SAFE, throw by CF made to third
Batting: SHB Dexter Greer 0-0: Called Strike
0-1: Called Strike
0-2: Ball
1-2: Strikes out swinging
Batting: RHB Zach Pryor 0-0: Fly out, F7 (Flyball, 7, EV 98.8 MPH)
Bottom of the 5th over - 0 runs, 1 hit, 0 errors, 2 left on base; Honolulu 0 - El Paso 9
TOP OF THE 6TH
Honolulu ThunderSharks batting - Pitching for El Paso Chihuahuas : RHP Perry Breedlove
Batting: RHB Leandro Gonzales 0-0: Ball
1-0: Called Strike
1-1: Ball
2-1: Called Strike
2-2: Strikes out swinging
Batting: LHB Clemente Ferrara 0-0: Ball
1-0: Ball
2-0: Ball
3-0: Base on Balls
Batting: LHB Alex Schaeffer 0-0: Ball
Clemente Ferrara steals 2nd base
1-0: Swinging Strike
1-1: Fly out, F8 (Line Drive, 8RM, EV 91.9 MPH)
Batting: RHB Otis Keller 0-0: Called Strike
0-1: Foul Ball, location: 2F
0-2: Ball
1-2: Foul Ball, location: 2F
1-2: Ball
2-2: Strikes out swinging
Top of the 6th over - 0 runs, 0 hits, 0 errors, 1 left on base; Honolulu 0 - El Paso 9
BOTTOM OF THE 6TH
El Paso Chihuahuas batting - Pitching for Honolulu ThunderSharks : LHP Rafael Magana
Batting: LHB Eric Ho 0-0: Called Strike
0-1: Called Strike
0-2: Ball
1-2: Ground out 6-3 (Groundball, 6, EV 80.0 MPH)
Batting: LHB Brad Lilley 0-0: Foul Ball, location: 5DF
0-1: Ball
1-1: Ball
2-1: Fly out, F9 (Flyball, 9, EV 98.8 MPH)
Batting: RHB Brian Ottman 0-0: Ball
1-0: Called Strike
1-1: Fly out, F9 (Flyball, 89M, EV 90.0 MPH)
Bottom of the 6th over - 0 runs, 0 hits, 0 errors, 0 left on base; Honolulu 0 - El Paso 9
TOP OF THE 7TH
Honolulu ThunderSharks batting - Pitching for El Paso Chihuahuas : RHP Perry Breedlove
Batting: RHB José Berroteran 0-0: Ball
1-0: Foul Ball, location: 3FF
1-1: Ball
2-1: Foul Ball, location: 3SF
2-2: Foul Ball, location: 2F
2-2: Fly out, F9 (Flyball, 89S, EV 88.1 MPH)
Batting: RHB Lindsay Clark 0-0: Foul Ball, location: 2F
0-1: Ball
1-1: Foul Ball, location: 2F
1-2: Foul Ball, location: 23F
1-2: Hit by Pitch
Batting: RHB Storm Carballo 0-0: Grounds into double play, 6-4-3 (Groundball, 6, EV 103.8 MPH)
Top of the 7th over - 0 runs, 0 hits, 0 errors, 0 left on base; Honolulu 0 - El Paso 9
BOTTOM OF THE 7TH
El Paso Chihuahuas batting - Pitching for Honolulu ThunderSharks : LHP Rafael Magana
Batting: LHB Yonder Lorenzana 0-0: Called Strike
0-1: Foul Ball, location: 7LSF
0-2: Ball
1-2: Ground out 4-3 (Groundball, 4MS, EV 87.5 MPH)
Batting: RHB Enzo Thomas 0-0: Ball
1-0: Called Strike
1-1: Called Strike
1-2: Foul Ball, location: 2F
1-2: Hit by Pitch
Batting: RHB David Drury 0-0: Called Strike
0-1: Called Strike
0-2: Ball
1-2: SINGLE (Groundball, 56D, EV 102.5 MPH)
Enzo Thomas to second
Batting: SHB Joel Stewart 0-0: Foul Ball, location: 5F
0-1: Ball
1-1: Foul Ball, location: 2F
1-2: Strikes out looking
Pinch Hitting: RHB Luke Pirijanian 0-0: Ball
1-0: Ball
2-0: Ball
3-0: Called Strike
3-1: Base on Balls
Enzo Thomas to third
David Drury to second
Batting: RHB Zach Pryor 0-0: Ball
1-0: Called Strike
1-1: Fielders Choice at 2nd, 6-4 (Groundball, 6, EV 100.0 MPH)
Bottom of the 7th over - 0 runs, 1 hit, 0 errors, 3 left on base; Honolulu 0 - El Paso 9
TOP OF THE 8TH
Honolulu ThunderSharks batting - Pitching for El Paso Chihuahuas : RHP Perry Breedlove
Now in LF: Damien Steckelberg
Batting: RHB Santino Zunego 0-0: Called Strike
0-1: Ball
1-1: Foul Ball, location: 9LSF
1-2: Ball
2-2: Ball
3-2: Foul Ball, location: 2F
3-2: Base on Balls
Batting: RHB Tony Malone 0-0: 2-RUN HOME RUN (Flyball, 89XD, EV 101.3 MPH) (Inside the Park)
Pitching: RHP J.F. Ferrier
Batting: RHB Leandro Gonzales 0-0: Called Strike
0-1: Ball
1-1: Called Strike
1-2: Foul Ball, location: 3F
1-2: Ball
2-2: Ground out 1-3 (Groundball, P, EV 67.5 MPH)
Batting: LHB Clemente Ferrara 0-0: Ball
1-0: Called Strike
1-1: Foul Ball, location: 7LDF
1-2: Foul Ball, location: 2F
1-2: Foul Ball, location: 2LF
1-2: Ball
2-2: Strikes out swinging
Pinch Hitting: RHB Nolan Rosenquist 0-0: Ball
1-0: Foul Ball, location: 2F
1-1: Swinging Strike
1-2: Foul Ball, location: 2F
1-2: Foul Ball, location: 9LDF
1-2: Foul Ball, location: 3DF
1-2: Ground out 6-3 (Groundball, 6, EV 109.4 MPH)
Top of the 8th over - 2 runs, 1 hit, 0 errors, 0 left on base; Honolulu 2 - El Paso 9
BOTTOM OF THE 8TH
El Paso Chihuahuas batting - Pitching for Honolulu ThunderSharks : LHP Rafael Magana
Now at 1B: Nolan Rosenquist
Batting: LHB Eric Ho 0-0: Ground out U3 (Groundball, 3, EV 106.3 MPH)
Batting: LHB Brad Lilley 0-0: Ball
1-0: Ground out 1-3 (Groundball, 34S, EV 68.1 MPH)
Batting: RHB Brian Ottman 0-0: Ball
1-0: Fly out, F4 (Popup, 34S, EV 83.1 MPH)
Bottom of the 8th over - 0 runs, 0 hits, 0 errors, 0 left on base; Honolulu 2 - El Paso 9
TOP OF THE 9TH
Honolulu ThunderSharks batting - Pitching for El Paso Chihuahuas : RHP J.F. Ferrier
Batting: RHB Otis Keller 0-0: Ball
1-0: Foul Ball, location: 5F
1-1: Ball
2-1: Swinging Strike
2-2: Foul Ball, location: 7LMF
2-2: Strikes out looking
Batting: RHB José Berroteran 0-0: Called Strike
0-1: Fly out, F7 (Flyball, 7S, EV 78.1 MPH)
Batting: RHB Lindsay Clark 0-0: Fly out, F7 (Flyball, 78XD, EV 89.4 MPH)
Top of the 9th over - 0 runs, 0 hits, 0 errors, 0 left on base; Honolulu 2 - El Paso 9
Wednesday, May 1st , 2024 - OOTP Baseball 24.11 Build 85